 Dungeon Crawl Stone Soup version 0.29-a0-664-gff9cad4a3d (webtiles) character file.

Game seed: 7392620348979130106

259 happo123 the Shield-Bearer (level 5, -5/53 HPs)
             Began as a Troll Fighter on June 22, 2022.
             Slain by Duvessa
             ... wielding a +0 rapier
              (19 damage)
             ... on level 4 of the Dungeon.
             The game lasted 00:09:03 (2357 turns).

happo123 the Shield-Bearer (Troll Fighter)          Turns: 2357, Time: 00:09:04

Health: -5/53      AC:  4    Str: 24    XL:     5   Next: 94%
Magic:  4/4        EV:  9    Int:  6    God:
Gold:   227        SH: 12    Dex:  9    Spells: 4/4 levels left

rFire   . . .      SeeInvis .     - Unarmed
rCold   . . .      Faith    .   b - +0 kite shield
rNeg    . . .      Spirit   .   a - +0 robe
rPois   .          Reflect  +   (helmet restricted)
rElec   .          Harm     .   (no cloak)
rCorr   .          Rampage  .   (gloves unavailable)
Will    .....                   (boots unavailable)
Stlth   +.........              e - amulet of reflection
HPRegen 0.97/turn               (no ring)
MPRegen 0.09/turn               (no ring)

@: no status effects
A: large, unfitting armour, claws 3, regeneration 1, shaggy fur 1, tough skin 1
a: no special abilities


You were on level 4 of the Dungeon.
You visited 1 branch of the dungeon, and saw 4 of its levels.

You collected 227 gold pieces.

Inventory:

Missiles
 t - 3 atropa-tipped darts (quivered)
Armour
 a - a +0 robe (worn)
 b - a +0 kite shield (worn)
Jewellery
 e - an amulet of reflection (around neck)
 f - an amulet of magic regeneration
Scrolls
 d - a scroll of fear {unknown}
 g - a scroll of acquirement {unknown}
 h - a scroll of teleportation {unknown}
 i - a scroll of brand weapon {unknown}
 n - 2 scrolls of fog {unknown}
 o - a scroll of identify {unknown}
 p - a scroll of immolation {unknown}
 q - a scroll of summoning {unknown}
 r - a scroll of poison {unknown}
 s - a scroll of noise {unknown}
Potions
 c - 3 potions of might
 j - a potion of haste {unknown}
 k - a potion of heal wounds {unknown}
 l - 3 potions of degeneration {unknown}
 m - a potion of curing {unknown}
 u - a potion of mutation {unknown}


   Skills:
 + Level 3.0 Fighting
 + Level 0.7 Throwing
 + Level 3.1 Dodging
 * Level 4.1 Shields
 * Level 3.9 Unarmed Combat


You had 4 spell levels left.
You didn't know any spells.
Your spell library contained the following spells:

 Spells                   Type           Power      Damage    Failure   Level
 Foxfire                  Conj/Fire      0%         2x1d4     75%         1
 Summon Small Mammal      Summ           0%         N/A       75%         1
 Conjure Flame            Conj/Fire      0%         6-21      98%         3
 Inner Flame              Hex/Fire       0%         N/A       98%         3
 Flame Wave               Conj/Fire      0%         2d4       100%        4


Dungeon Overview and Level Annotations

Branches:
Dungeon (4/15)
 Temple: D:4-7

Altars:
Sif Muna

Shops:
D:1 *

Annotations:
D:4 Duvessa


Innate Abilities, Weirdness & Mutations

You are too large for most types of armour.
You have claws for hands.
Your natural rate of healing is unusually fast.
You are covered in fur. (AC +1)
You have tough skin. (AC +1)


Message History

Dowan is severely wounded.
Dowan hits you with a +0 dagger.
You closely miss Dowan.
Dowan is severely wounded.
Dowan hits you with a +0 dagger.
You miss Dowan.
Dowan is severely wounded.
Dowan hits you with a +0 dagger!
You closely miss Dowan.
Dowan is severely wounded.
You block Dowan's attack.
You claw Dowan!
You kill Dowan!
You hear a distant scream of rage.
Your Shields skill increases to level 4!
Found a shimmering blue altar of Sif Muna.
Things that are here:
a +0 dagger; a +1 robe of willpower; the elf corpse of Dowan You pick up Sif Muna's Guide on Companions and Flames and begin reading...
You add the spell Summon Small Mammal to your library.
You hear the slow hiss of a distant avalanche of sand.
HP restored.
Duvessa, Sister of Dowan comes into view.
She is wielding a +0 rapier.
Duvessa goes berserk!
You closely miss Duvessa. Duvessa hits you but does no damage.
You closely miss Duvessa. Duvessa hits you with a +0 rapier!
Duvessa barely misses you.
You closely miss Duvessa. You block Duvessa's attack. x2
You claw Duvessa!
Duvessa is lightly wounded.
Duvessa hits you with a +0 rapier!
You scratch Duvessa but do no damage.
Duvessa is lightly wounded.
You block Duvessa's attack. x2
You scratch Duvessa.
Duvessa is moderately wounded.
Duvessa hits you with a +0 rapier!!
* * * LOW HITPOINT WARNING * * *
Duvessa hits you with a +0 rapier!!
You die...

.. ##..###..........# ..##
#....#...........# ...#
##......$#.......##..#
.##..##..##...###..........#
.....#....##...###.).#......
#..#.......#...##...## .....
#..#..........##...## ....
.............##...## ...
.#..........##..@###. #.
...........##...#e#...
...........#...###...#
.......<...#._.##...#
.....#.)).######...##
...#####....###...# ...
#....##...### #.
###.........#.# #
##...........


You could see Duvessa (berserk).

Vanquished Creatures
  Dowan (D:4)
  A gnoll shaman (D:4)
  Terence (D:2)
  Robin (D:2)
  7 gnolls
  An adder (D:3)
  A dart slug (D:2)
  2 orcs (D:3)
  4 bats
  9 endoplasms
  A giant cockroach (D:3)
  6 goblins
  8 hobgoblins
  4 jackals (D:3)
  6 kobolds
  2 quokkas (D:1)
  3 ball pythons
  A frilled lizard (D:2)
  5 rats
64 creatures vanquished.

Vanquished Creatures (others)
  A fungus (D:1)
1 creature vanquished.

Grand Total: 65 creatures vanquished

Notes
Turn   | Place    | Note
-------+----------+-------------------------------------------
     0 | D:1      | happo123 the Troll Fighter began the quest for the Orb.
     0 | D:1      | Reached XP level 1. HP: 22/22 MP: 0/0
   206 | D:1      | Found Guoder's General Store.
   286 | D:1      | Reached XP level 2. HP: 29/29 MP: 1/1
   389 | D:1      | Reached skill level 3 in Shields
   863 | D:1      | Found a faded altar of an unknown god.
  1051 | D:2      | Noticed Terence
  1075 | D:2      | Killed Terence
  1076 | D:2      | Reached XP level 3. HP: 30/36 MP: 2/2
  1280 | D:2      | Noticed Robin
  1302 | D:2      | Killed Robin
  1303 | D:2      | Reached XP level 4. HP: 36/44 MP: 3/3
  2105 | D:3      | Reached XP level 5. HP: 22/52 MP: 4/4
  2333 | D:4      | Noticed Dowan
  2340 | D:4      | Killed Dowan
  2341 | D:4      | Reached skill level 4 in Shields
  2341 | D:4      | Found a shimmering blue altar of Sif Muna.
  2348 | D:4      | Got Sif Muna's Guide on Companions and Flames
  2350 | D:4      | Noticed Duvessa
  2357 | D:4      | Slain by Duvessa

Illustrated notes

Levels and vault maps discovered:
D:1:      amcnicky_arrival_double_pillar, layout_loops_corners,
          shapermc_ecumenical_altar_petra, serial_shops, nicolae_shop_trees,
          kennysheep_small_spiral
D:2:      layout_basic, uniq_terence, uniq_robin
D:3:      layout_rooms, kennysheep_potato
D:4:      layout_cave_pools, nzn_overflow_gifts_of_might_and_magic,
          nicolae_ru_awakened_eye, minmay_temple_entry_poolview,
          gup_ossuary_entry_pyramid, biasface_ghost_orc_armoury, serial_shops,
          shop

Skill      XL: |  1  2  3  4  5 |
---------------+----------------+-----
Shields        | 3 4 |  4.1
Unarmed Combat | 3 |  3.9
Dodging        | 3 |  3.1
Fighting       | 3 |  3.0
Throwing       | |  0.7

Action                   |  1- 3 |  4- 6 || total
-------------------------+-------+-------++-------
Melee: Unarmed           |    83 |   110 ||   193
Armor: Robe              |    22 |    12 ||    34
Dodge: Dodged            |    13 |    33 ||    46
Block: Kite shield       |    49 |    74 ||   123
       Reflection        |       |     2 ||     2

Table legend: (Time is in decaauts)
 A = Elapsed time spent in this place.
 B = Non-inter-level travel time spent in this place.
 C = Inter-level travel time spent in this place.
 D = Time resting spent in this place.
 E = Time spent auto-exploring this place.
 F = Levels seen in this place.
 G = Mean time per level.
                   A        B        C        D        E       F      G
               +--------+--------+--------+--------+--------+-----+--------+
         Total |   2370 |   2070 |    300 |      0 |   1549 |   4 |  592.5 |
       Dungeon |   2370 |   2070 |    300 |      0 |   1549 |   4 |  592.5 |
               +--------+--------+--------+--------+--------+-----+--------+

Top non-repeatable levels by time:
     D:1: 924 daAuts
     D:2: 784 daAuts
     D:3: 554 daAuts
     D:4: 108 daAuts
